 Dungeon Crawl Stone Soup version 0.31.0-11-ge490571c62 (webtiles) character file.

Game seed: 18356913627627584387

91 qw the Shooter (level 4, -1/22 HPs)
             Began as a Spriggan Hunter on Feb 3, 2024.
             Incinerated by a bombardier beetle (4 damage)
             ... with a burning spray
             ... on level 3 of the Dungeon.
             The game lasted 00:00:06 (1868 turns).

qw the Shooter (Spriggan Hunter)                    Turns: 1868, Time: 00:00:07

Health: -1/22      AC:  2    Str:  7    XL:     4   Next: 33%
Magic:  5/5        EV: 20    Int: 10    God:
Gold:   45         SH:  0    Dex: 20    Spells: 3/3 levels left

rFire   . . .        a - +0 shortbow
rCold   . . .        (shield currently unavailable)
rNeg    . . .        c - +0 robe
rPois   .            (helmet restricted)
rElec   .            (no cloak)
rCorr   .            (gloves unavailable)
SInv    +            (boots unavailable)
Will    .....        (no amulet)
Stlth   +            (no ring)
HPRegen 0.23/turn    (no ring)
MPRegen 0.09/turn

%: no passive effects
@: on fire, glowing, very quick
A: very small, no large weapons, unfitting armour, see invisible, speed 3
a: no special abilities


You were on level 3 of the Dungeon.
You visited 1 branch of the dungeon, and saw 3 of its levels.

You collected 45 gold pieces.


Innate Abilities, Weirdness & Mutations

You are very small and have problems with some larger weapons.
You are too small for most types of armour.
You have supernaturally acute eyesight. (SInv)
You cover ground extremely quickly. (Speed+++)


   Skills:
 - Level 1.5 Fighting
 - Level 5.0 Ranged Weapons
 + Level 4.8 Dodging
 - Level 1.5 Stealth


You had 3 spell levels left.
You didn't know any spells.
Your spell library was empty.

Inventory:

Hand Weapons
 a - a +0 shortbow (weapon)
Armour
 c - a +0 robe (worn)
Scrolls
 g - 3 scrolls of teleportation
Potions
 b - a potion of enlightenment
 d - 3 potions of curing
 i - a potion of haste {unknown}

Dungeon Overview and Level Annotations

Branches:
Dungeon (3/15)

Altars:

Annotations:
D:2 1 runed translucent door, Crazy Yiuf


Message History

You climb downwards.
There is a stone staircase leading up here.
Waypoint 2 assigned to D:3.
An endoplasm comes into view.
The endoplasm quivers.
You shoot an arrow. The arrow barely misses the endoplasm.
You shoot an arrow. The arrow hits the endoplasm.
The endoplasm is heavily wounded.
You shoot an arrow. The arrow hits the endoplasm.
The endoplasm is severely wounded.
You shoot an arrow.
The arrow completely misses the endoplasm.
You shoot an arrow. The arrow hits the endoplasm.
You kill the endoplasm!
A bombardier beetle comes into view.
You shoot an arrow. The arrow hits the bombardier beetle!
The bombardier beetle is heavily wounded.
You shoot an arrow. The arrow hits the bombardier beetle.
The bombardier beetle is almost dead.
You shoot an arrow.
The arrow barely misses the bombardier beetle.
The bombardier beetle completely misses you.
You shoot an arrow.
The arrow completely misses the bombardier beetle.
The bombardier beetle sprays incendiary fluid at you.
The burning spray hits you.
You are covered in liquid fire!
You shoot an arrow. The arrow hits the bombardier beetle.
You kill the bombardier beetle!
The liquid fire burns you!
You have reached level 4!
You are on fire!
The liquid fire burns you!
You are on fire!
The liquid fire burns you!
You are on fire!
The liquid fire burns you!
You are on fire!
The liquid fire burns you!
You die...

.. # #####..# #.
##......# #..
##..####.# #...
#^.....#.#######
#....###..###.#.#.....#
#...........#.#.#.###.#
#######.....#.#.#.###.#
#@#####.#.#<..#.#
................#####.#
........#######.......#
......... #########
......... ..........
.......... ........###


There were no monsters in sight!

Vanquished Creatures
  A bombardier beetle (D:3)
  Robin (D:2)
  An adder (D:2)
  A dart slug (D:1)
  5 ball pythons
  4 bats
  2 endoplasms
  2 giant cockroaches (D:2)
  7 goblins
  4 hobgoblins
  A kobold (D:2)
  A quokka (D:2)
  4 frilled lizards
  3 rats
37 creatures vanquished.

Notes
Turn   | Place    | Note
-------+----------+-------------------------------------------
     0 | D:1      | qw the Spriggan Hunter began the quest for the Orb.
     0 | D:1      | Reached XP level 1. HP: 10/10 MP: 2/2
     0 | D:1      | 0 ||| qw: Version: 0.3-a-157-g843a77d
     0 | D:1      | 0 ||| qw: Game counter: 3930
     0 | D:1      | 0 ||| qw: Melee chars always use a shield: true
     0 | D:1      | 0 ||| qw: God list: Okawaru
     0 | D:1      | 0 ||| qw: Allow faded altars: false
     0 | D:1      | 0 ||| qw: Do Orc after clearing Dungeon:15 true
     0 | D:1      | 0 ||| qw: Do second Lair branch before Depths: true
     0 | D:1      | 0 ||| qw: Lair rune preference: random
     0 | D:1      | 0 ||| qw: Goals: Normal
     0 | D:1      | 0 ||| PLANNING D:1-11
    60 | D:1      | Reached skill level 3 in Dodging
   223 | D:1      | Reached XP level 2. HP: 14/14 MP: 3/3
   608 | D:1      | 608 ||| READING 3 scrolls labelled PESTRO TIODURE.
   609 | D:1      | 609 ||| READING scroll labelled HOLIEN XAXA.
   710 | D:1      | 710 ||| READING 3 scrolls labelled ILUNGE ATUCOWEM.
   715 | D:1      | 715 ||| DRINKING 2 fuming grey potions.
   716 | D:1      | 716 ||| DROPPING scroll of butterflies.
   717 | D:1      | 717 ||| DROPPING 2 scrolls of fear.
   839 | D:2      | Found a runed translucent door.
   840 | D:2      | Noticed Crazy Yiuf
   893 | D:2      | Reached XP level 3. HP: 18/18 MP: 4/4
  1440 | D:2      | Noticed Robin
  1451 | D:2      | Killed Robin
  1452 | D:2      | 1452 ||| FLEEEEING.
  1453 | D:2      | 1453 ||| FLEEEEING.
  1454 | D:2      | 1454 ||| FLEEEEING.
  1455 | D:2      | 1455 ||| FLEEEEING.
  1456 | D:2      | 1456 ||| FLEEEEING.
  1457 | D:2      | 1457 ||| FLEEEEING.
  1458 | D:2      | 1458 ||| FLEEEEING.
  1459 | D:2      | 1459 ||| FLEEEEING.
  1460 | D:2      | 1460 ||| FLEEEEING.
  1461 | D:2      | 1461 ||| FLEEEEING.
  1462 | D:2      | 1462 ||| FLEEEEING.
  1463 | D:2      | 1463 ||| FLEEEEING.
  1464 | D:2      | 1464 ||| FLEEEEING.
  1465 | D:2      | 1465 ||| FLEEEEING.
  1467 | D:2      | 1467 ||| FLEEEEING.
  1468 | D:2      | 1468 ||| FLEEEEING.
  1470 | D:2      | 1470 ||| FLEEEEING.
  1471 | D:2      | 1471 ||| FLEEEEING.
  1472 | D:2      | 1472 ||| FLEEEEING.
  1474 | D:2      | 1474 ||| FLEEEEING.
  1475 | D:2      | 1475 ||| FLEEEEING.
  1556 | D:2      | Reached skill level 5 in Ranged Weapons
  1695 | D:2      | 1695 ||| READING scroll labelled NAWAENWICK.
  1696 | D:2      | 1696 ||| READING scroll labelled TEZO LYAGANT.
  1696 | D:2      | 1696 ||| IDENTIFYING dark potion
  1697 | D:2      | 1697 ||| READING scroll labelled BETSUKHLALEA.
  1699 | D:2      | 1699 ||| Stepping ~*~*~tactically~*~*~ (cloud).
  1706 | D:2      | HP: 4/18 [poisoned by you (poison gas)]
  1865 | D:3      | Reached XP level 4. HP: 16/22 MP: 5/5
  1867 | D:3      | HP: 2/22 [burnt (4)]
  1868 | D:3      | Incinerated by a bombardier beetle

Levels and vault maps discovered:
D:1:      ncdulo_watergridlock, layout_basic
D:2:      kb_forest_paths, layout_basic, uniq_robin, uniq_crazy_yiuf_cottage
D:3:      layout_basic, dk_vineyard_2, minmay_crystal_room

Skill      XL: |  1  2  3 |
---------------+----------+-----
Dodging        | 3 4 |  4.8
Ranged Weapons | 5 |  5.0
Fighting       | |  1.5
Stealth        | |  1.5

Action                     |  1- 3 |  4- 6 || total
---------------------------+-------+-------++-------
   Fire: Shortbow          |   110 |       ||   110
    Use: Scroll            |     6 |       ||     6
         Potion            |     1 |       ||     1
 Armour: Robe              |     5 |       ||     5
  Dodge: Dodged            |    33 |       ||    33

Table legend:
 A = Non-vault XP
 B = Vault XP
 C = Vault XP percentage of total XP
 D = Non-vault monster count
 E = Vault monster count
 F = Vault count percentage of total count
                 A         B        C        D         E       F
            +---------+---------+-------+---------+---------+-------
      Total |      93 |      37 |  28.5 |      24 |      13 |  35.1
            +---------+---------+-------+---------+---------+-------
        D:1 |      24 |       0 |   0.0 |      14 |       0 |   0.0
        D:2 |      25 |      37 |  59.7 |       8 |      13 |  61.9
        D:3 |      44 |       0 |   0.0 |       2 |       0 |   0.0
            +---------+---------+-------+---------+---------+-------
